 Dungeon Crawl Stone Soup version 0.30.1-4-g462c640d31 (webtiles) character file.

Game seed: 10275159611361042505

310 sjdagoat the Slasher (level 6, -6/49 HPs)
             Began as a Merfolk Berserker on Aug 14, 2023.
             Was a Believer of Trog.
             Mangled by a gnoll
             ... wielding a +0 halberd
              (11 damage)
             ... on level 4 of the Dungeon.
             The game lasted 00:21:14 (3031 turns).

sjdagoat the Slasher (Merfolk Berserker)            Turns: 3031, Time: 00:21:15

Health: -6/49      AC:  6    Str: 17    XL:     6   Next: 41%
Magic:  6/6        EV: 13    Int:  7    God:    Trog [**....]
Gold:   185        SH:  0    Dex: 15    Spells: 5/5 levels left

rFire   . . .        a - +0 falchion
rCold   . . .        (no shield)
rNeg    . . .        h - +0 leather armour
rPois   +            o - +1 helmet
rElec   .            p - +0 cloak
rCorr   .            (no gloves)
SInv    .            (no boots)
Will    ++...        (no amulet)
Stlth   ++           d - ring of poison resistance
HPRegen 1.28/turn    (no ring)
MPRegen 0.10/turn

%: no passive effects
@: about to teleport, strong-willed, flying, regenerating
A: (nimble swimmer 2), mertail
a: Renounce Religion, Berserk, Trog's Hand


You were on level 4 of the Dungeon.
You worshipped Trog.
Trog was pleased with you.
You visited 1 branch of the dungeon, and saw 4 of its levels.

You collected 185 gold pieces.

Inventory:

Hand Weapons
 a - a +0 falchion (weapon)
 l - a +4 whip
Missiles
 e - a throwing net
 f - 3 atropa-tipped darts (quivered)
 j - 18 poisoned darts
Armour
 b - a +0 animal skin
 h - a +0 leather armour (worn)
 o - a +1 helmet (worn)
 p - a +0 cloak (worn)
Jewellery
 d - a ring of poison resistance (left hand)
Potions
 g - a potion of attraction {unknown}
 i - a potion of ambrosia {unknown}
 k - 2 potions of cancellation {unknown}
 n - a potion of brilliance {unknown}


   Skills:
 + Level 4.5 Fighting
 + Level 5.9 Long Blades
 + Level 0.7 Throwing
 + Level 2.2 Armour
 + Level 4.2 Dodging
 + Level 1.7 Stealth


You had 5 spell levels left.
You didn't know any spells.
Your spell library was empty.

Dungeon Overview and Level Annotations

Branches:
Dungeon (4/15)
 Temple: D:4-7

Altars:

Shops:
D:3 [


Innate Abilities, Weirdness & Mutations

((You are very nimble when in or above water. (Stealth+, EV+, Speed+++)))
Your lower body shifts to a powerful aquatic tail in water.


Message History

Your skin crawls.
You feel strong-willed.
The gnoll hits you from afar with a +0 halberd.
You hit the gnoll.
The gnoll is heavily wounded.
The gnoll barely misses you. The gnoll hits you with a +0 club.
The gnoll closely misses you.
You hit the gnoll.
The gnoll is lightly wounded.
The gnoll barely misses you. The gnoll hits you with a +0 club.
You hit the gnoll but do no damage.
The gnoll is heavily wounded.
The gnoll closely misses you. The gnoll hits you with a +0 halberd!
* * * LOW HITPOINT WARNING * * *
You closely miss the gnoll.
The gnoll is heavily wounded.
The gnoll hits you with a +0 club.
* * * LOW HITPOINT WARNING * * *
The gnoll misses you.
You barely miss the gnoll.
The gnoll is lightly wounded.
The gnoll closely misses you. The gnoll hits you with a +0 halberd.
* * * LOW HITPOINT WARNING * * *
You hit the gnoll.
The gnoll is moderately wounded.
The gnoll barely misses you. The gnoll completely misses you.
You hit the gnoll but do no damage.
The gnoll is moderately wounded.
The gnoll hits you but does no damage. The gnoll misses you.
You hit the gnoll.
The gnoll is severely wounded.
The gnoll hits you with a +0 club.
* * * LOW HITPOINT WARNING * * *
The gnoll barely misses you.
As you read the scroll of teleportation, it crumbles to dust.
You feel strangely unstable. The gnoll hits you with a +0 club.
* * * LOW HITPOINT WARNING * * *
The gnoll barely misses you. The gnoll hits you with a +0 halberd!
You die...

# ### # #.## # #..###
##...## #....# ##
##...# ...#### ##...#
..... ##..g.# ..(
######..@..# #. ###
#.......g..# #
#.#####.........## #
#..[.............# ##
#................##
##.
##................##
##..
###########.......####
##...
###........#####...#
#................#


You could see 2 gnolls.

Vanquished Creatures
  A steam dragon (D:3)
  A howler monkey (D:2)
  A jelly (D:3)
  A gnoll (D:4)
  5 orcs (D:3)
  6 bats
  12 endoplasms
  3 giant cockroaches (D:1)
  8 goblins
  7 hobgoblins
  7 jackals
  3 quokkas
  6 ball pythons
  3 frilled lizards
  16 kobolds
  8 rats
88 creatures vanquished.

Notes
Turn   | Place    | Note
-------+----------+-------------------------------------------
     0 | D:1      | sjdagoat the Merfolk Berserker began the quest for the Orb.
     0 | D:1      | Reached XP level 1. HP: 18/18 MP: 1/1
   194 | D:1      | Reached XP level 2. HP: 22/25 MP: 2/2
   824 | D:2      | Reached skill level 4 in Long Blades
   875 | D:2      | Reached XP level 3. HP: 25/30 MP: 3/3
  1006 | D:2      | Reached ** piety under Trog
  1107 | D:2      | Reached skill level 1 in Stealth
  1107 | D:2      | Reached XP level 4. HP: 17/37 MP: 4/4
  1247 | D:2      | Found a faded altar of an unknown god.
  1767 | D:3      | Found Egeett's Antique Armour Boutique.
  1777 | D:3      | Noticed a steam dragon
  1789 | D:3      | Killed a steam dragon
  1790 | D:3      | Reached skill level 5 in Long Blades
  1790 | D:3      | Reached XP level 5. HP: 31/43 MP: 5/5
  1806 | D:3      | Reached XP level 6. HP: 35/49 MP: 6/6
  2989 | D:4      | HP: 2/49 [gnoll/+0 club (5)]
  3026 | D:4      | HP: 2/49 [gnoll/+0 halberd (6)]
  3031 | D:4      | Mangled by a gnoll

Illustrated notes

Levels and vault maps discovered:
D:1:      minmay_arrival_checkered_box, layout_loops_ring
D:2:      layout_basic, ebering_ecumenical_altar_petrified,
          minmay_misc_feat_more_columns
D:3:      cheibrodos_fertilizer, layout_rooms, serial_shops, shop
D:4:      old_forge, layout_layer_cave

Skill      XL: |  1  2  3  4  5  6 |
---------------+-------------------+-----
Long Blades    | 4 5 |  5.9
Fighting       | 4 |  4.5
Dodging        | 3 4 |  4.2
Stealth        | 1 |  1.7
Armour         | 2 |  2.2
Throwing       | |  0.7

Action                     |  1- 3 |  4- 6 || total
---------------------------+-------+-------++-------
  Melee: Falchion          |    87 |   194 ||   281
         Punch             |       |     2 ||     2
  Throw: Dart              |     4 |    11 ||    15
 Invoke: Trog's Hand       |     1 |     5 ||     6
         Berserk           |       |     1 ||     1
    Use: Scroll            |       |     8 ||     8
         Potion            |       |     2 ||     2
   Stab: Sleeping          |     3 |     1 ||     4
 Armour: Animal skin       |    19 |       ||    19
         Leather armour    |     5 |    80 ||    85
  Dodge: Dodged            |    74 |   170 ||   244
